Map: New Repugnancy LE

Players

TLO

  • Race: Zerg Zerg
  • Spawn Location: 7:00

Elazer - Winner!

  • Race: Zerg Zerg
  • Spawn Location: 1:00

Event: 2019 WCS Summer

VOD

Have the link to the VOD?

Description

Time

  • Played on: July 13, 2019, 12:06 p.m.
  • Length: 11:10

All games in this series

Show
View Real Time Build Order
Export as new Build Order

TLO Zerg 

Build Orders: Hatch First 

Get SALT Encoding   

  12  0:00  Drone  
  13  0:12  Overlord  
  13  0:16  Drone  
  14  0:31  Drone x2  
  16  0:48  Hatchery  
  15  0:51  Drone  
  15  0:55  Drone  
  17  1:09  Spawning Pool  
  16  1:11  Drone  
  16  1:15  Extractor  
  16  1:17  Drone  
  17  1:21  Drone  
  18  1:29  Drone  
  19  1:41  Overlord  
  19  1:55  Queen  
  19  1:57  Zergling x2  
  19  1:59  Queen  
  19  2:00  Drone x2  
  26  2:11  Drone x2  
  26  2:14  Metabolic Boost  
  28  2:21  Drone  
  29  2:24  Drone  
  30  2:31  Queen  
  30  2:32  Drone  
  30  2:35  Overlord  
  33  2:42  Zergling x2  
  34  2:48  Overlord  
  34  2:55  Evolution Chamber, Overlord  
  34  2:56  Drone  
  34  3:06  Zergling x8  
  34  3:10  Zergling x2  
  39  3:16  Zergling x2  
  40  3:21  Zergling x2  
  40  3:25  Drone  
  42  3:27  Hatchery  
  41  3:34  Drone  
  41  3:35  Zerg Missile Weapons Level 1  
  42  3:42  Drone, Roach Warren  
  42  3:44  Drone  
  42  3:47  Drone  
  44  3:50  Drone  
  45  3:56  Drone  
  45  3:58  Drone x2  
  45  4:00  Drone  
  49  4:02  Extractor  
  49  4:06  Drone  
  49  4:10  Drone x2  
  49  4:12  Extractor  
  49  4:16  Drone  
  52  4:17  Drone x3  
  56  4:24  Roach  
  56  4:25  Roach  
  56  4:26  Lair  
  56  4:30  Roach  
  60  4:33  Overlord  
  60  4:38  Overlord  
  60  4:41  Roach  
  62  4:46  Drone  
  62  4:48  Drone x2  
  62  4:49  Drone  
  62  4:50  Drone  
  62  4:51  Drone  
  67  4:52  Drone  
  67  4:55  Drone  
  67  4:56  Drone  
  67  4:57  Drone  
  69  5:05  Drone x2  
  72  5:14  Roach  
  72  5:15  Roach x2  
  72  5:16  Overlord  
  72  5:20  Roach  
  72  5:21  Drone, Roach  
  79  5:22  Overlord  
  79  5:24  Glial Reconstitution  
  79  5:27  Drone  
  81  5:29  Overlord  
  81  5:33  Zerg Missile Weapons Level 2  
  81  5:36  Roach  
  81  5:37  Roach  
  81  5:39  Drone x2  
  87  5:44  Roach  
  87  5:45  Drone  
  87  5:46  Extractor  
  87  5:47  Roach  
  87  5:48  Extractor, Roach  
  92  5:51  Drone x2  
  92  5:52  Drone  
  92  5:53  Drone  
  92  5:56  Drone  
  96  5:58  Roach  
  96  6:00  Roach  
  96  6:03  Queen  
  102  6:05  Roach  
  102  6:08  Overlord  
  104  6:11  Overlord  
  104  6:13  Overlord  
  104  6:15  Overlord  
  104  6:18  Overseer  
  104  6:20  Overlord  
  104  6:27  Roach x4  
  112  6:34  Roach  
  112  6:35  Roach  
  112  6:36  Roach  
  112  6:37  Roach x2  
  112  6:39  Roach  
  122  6:40  Roach  
  122  6:42  Roach  
  122  6:43  Roach  
  124  6:47  Roach x2  
  124  6:50  Burrow  
  124  6:53  Tunneling Claws  
  128  6:55  Roach  
  128  6:56  Roach  
  128  6:58  Roach  
  128  6:59  Roach  
  136  7:02  Drone  
  136  7:05  Pneumatized Carapace  
  136  7:06  Roach  
  136  7:08  Drone x2  
  141  7:10  Roach  
  141  7:13  Roach  
  141  7:14  Overlord  
  145  7:19  Overlord x2  
  145  7:23  Overlord  
  145  7:26  Overlord  
  141  7:30  Roach  
  141  7:31  Roach  
  141  7:34  Roach x2  
  149  7:40  Roach  
  149  7:41  Roach x3  
  149  7:42  Roach x2  
  149  7:43  Roach  
  131  7:45  Roach  
  117  7:52  Roach  
  117  7:53  Roach  
  117  7:56  Roach  
  119  7:59  Queen x3  
  119  8:01  Roach x3  
  119  8:03  Ravager  
  119  8:04  Ravager  
  119  8:05  Ravager x2  
  125  8:06  Roach x3  
  125  8:09  Queen x2  
  133  8:14  Roach  
  133  8:15  Roach  
  133  8:17  Roach  
  137  8:25  Roach x2  
  121  8:28  Roach x2  
  121  8:33  Queen, Zerg Ground Armor Level 1, Roach x2  
  118  8:36  Roach  
  118  8:37  Roach  
  118  8:39  Roach  
  124  8:44  Roach x11  
  124  8:52  Extractor  
  124  8:55  Roach x2  
  127  8:56  Roach x2  
  127  8:59  Roach  
  127  9:01  Hatchery  
  132  9:06  Roach x3  
  132  9:07  Roach  
  132  9:09  Roach  
  142  9:10  Roach  
  142  9:15  Roach x2  
  146  9:19  Roach x2  
  146  9:22  Roach  
  146  9:23  Roach  
  152  9:26  Roach  
  152  9:27  Roach  
  152  9:29  Roach  
  158  9:32  Roach  
  158  9:34  Roach  
  158  9:35  Roach  
  158  9:38  Roach  
  164  9:40  Roach  
  164  9:44  Roach  
  164  9:45  Hydralisk Den  
  167  9:46  Roach  
  167  9:48  Roach  
  167  9:49  Roach  
  171  9:54  Roach x2  
  171  9:57  Roach  
  171  9:58  Roach  
  177  10:00  Overlord  
  177  10:03  Roach  
  177  10:06  Overlord  
  175  10:08  Roach  
  175  10:11  Roach  
  175  10:12  Roach x11  
  175  10:16  Roach x2  
  175  10:20  Roach  
  171  10:22  Roach  
  171  10:24  Roach  
  171  10:25  Roach  
  171  10:27  Roach x27  
  171  10:28  Roach  
  177  10:30  Roach  
  177  10:32  Roach  
  177  10:34  Roach  
  180  10:36  Roach  
  180  10:38  Roach  
  180  10:42  Roach  
  176  10:49  Roach x2  
Show
View Real Time Build Order
Export as new Build Order

Elazer Zerg - Winner!

Build Orders: Hatch First 

Get SALT Encoding   

  12  0:00  Drone  
  13  0:12  Overlord  
  13  0:16  Drone  
  14  0:30  Drone x2  
  16  0:48  Hatchery  
  15  0:51  Drone  
  15  0:54  Drone  
  17  0:57  Drone  
  18  1:08  Extractor  
  17  1:13  Spawning Pool  
  17  1:17  Drone  
  17  1:19  Drone  
  18  1:28  Drone  
  19  1:39  Drone  
  20  1:49  Drone  
  21  2:00  Queen x2, Overlord  
  21  2:01  Drone  
  26  2:08  Metabolic Boost  
  26  2:10  Drone  
  26  2:12  Zergling x2  
  28  2:21  Drone  
  28  2:22  Drone  
  30  2:32  Drone  
  30  2:33  Drone  
  32  2:38  Hatchery  
  31  2:45  Drone x2  
  31  2:50  Evolution Chamber  
  32  2:53  Overlord  
  32  2:58  Drone  
  32  3:05  Drone  
  33  3:06  Drone  
  33  3:09  Zergling x4  
  33  3:12  Zergling x8  
  40  3:16  Zerg Missile Weapons Level 1  
  40  3:22  Drone x2  
  42  3:29  Drone  
  42  3:30  Roach Warren  
  42  3:32  Drone  
  43  3:38  Overlord  
  43  3:41  Zergling x2  
  44  3:52  Zergling x12  
  50  3:56  Overlord  
  50  3:58  Lair  
  50  4:01  Zergling x4  
  51  4:05  Overlord  
  51  4:10  Overlord  
  51  4:14  Roach x2  
  55  4:18  Roach x2  
  55  4:21  Drone x2  
  55  4:23  Extractor  
  60  4:25  Overlord  
  60  4:30  Drone x3  
  63  4:32  Drone  
  63  4:34  Drone  
  63  4:37  Drone  
  63  4:38  Drone  
  67  4:41  Extractor  
  67  4:43  Drone  
  66  4:49  Overlord  
  66  4:52  Drone x5  
  68  4:57  Glial Reconstitution  
  68  4:59  Queen  
  65  5:03  Roach  
  69  5:08  Roach  
  69  5:09  Overlord  
  69  5:10  Zergling x2  
  69  5:13  Overlord  
  72  5:19  Drone x3  
  75  5:22  Drone  
  75  5:25  Zerg Missile Weapons Level 2  
  76  5:30  Drone x4  
  76  5:32  Extractor  
  76  5:34  Drone x2, Extractor  
  80  5:36  Drone  
  80  5:40  Roach  
  80  5:41  Roach  
  80  5:42  Overlord  
  85  5:45  Roach  
  85  5:47  Roach  
  89  5:50  Overlord  
  89  5:54  Roach  
  91  5:57  Roach x3  
  91  6:02  Roach  
  91  6:03  Roach  
  100  6:09  Roach x3  
  100  6:11  Roach  
  108  6:13  Drone x2  
  108  6:14  Drone  
  112  6:18  Drone  
  112  6:20  Overseer  
  112  6:24  Drone x2  
  114  6:29  Drone  
  114  6:31  Ravager x4  
  119  6:35  Hatchery  
  119  6:36  Overlord  
  119  6:37  Drone x2  
  113  6:42  Drone x4  
  115  6:49  Overlord  
  115  6:50  Roach x2  
  115  6:54  Roach x2  
  123  6:56  Drone  
  123  6:59  Drone  
  123  7:00  Roach  
  127  7:03  Roach x2  
  127  7:06  Overlord  
  127  7:08  Roach x2  
  133  7:15  Roach x2  
  139  7:17  Ravager x2  
  139  7:19  Roach x2  
  139  7:22  Overlord x2  
  145  7:24  Overlord  
  145  7:26  Roach  
  147  7:32  Roach x2  
  152  7:40  Roach x4  
  141  7:46  Roach x2  
  141  7:48  Zerg Ground Armor Level 1  
  141  7:49  Hatchery  
  141  7:51  Roach x2  
  140  7:59  Roach x7  
  140  8:04  Roach  
  140  8:05  Extractor, Roach x2  
  159  8:11  Roach x2  
  151  8:26  Roach x5  
  140  8:31  Roach x2  
  128  8:35  Roach x8  
  128  8:38  Overseer  
  140  8:44  Roach x3  
  146  8:55  Drone x3  
  149  8:56  Ravager  
  149  8:58  Overseer  
  149  8:59  Pneumatized Carapace  
  149  9:02  Drone x3  
  153  9:05  Overlord  
  153  9:09  Roach  
  167  9:10  Roach x6  
  167  9:12  Overlord  
  167  9:18  Overlord, Roach x2  
  168  9:29  Roach x4  
  168  9:30  Roach x2  
  180  9:38  Spore Crawler  
  178  9:40  Spore Crawler  
  178  9:41  Spore Crawler  
  178  9:43  Drone x4  
  180  9:49  Overlord  
  180  9:52  Roach x3  
  183  9:54  Ravager x3  
  183  9:59  Roach x2  
  190  10:04  Overlord  
  190  10:06  Roach x3  
  193  10:22  Infestation Pit, Ravager  
  193  10:23  Roach x3  
  193  10:39  Roach x4  
  185  10:47  Roach x11  
  183  11:02  Evolution Chamber  
Tags
 
Add a new tag
Caveats
  • Supply blocks, unpowered buildings, or Contaminate may cause inaccurate times.
  • Supply counts are checked every 10 seconds.